 Dungeon Crawl Stone Soup version 0.28.0-53-g5a82cb258f (webtiles) character file.

Game seed: 12794599136467253796

239 styxcanada the Covert (level 5, -4/27 HPs)
             Began as a Spriggan Brigand on July 12, 2022.
             Slain by an orc priest
             ... wielding a +0 flail
              (9 damage)
             ... on level 3 of the Dungeon.
             The game lasted 00:15:48 (4040 turns).

styxcanada the Covert (Spriggan Brigand)            Turns: 4040, Time: 00:15:49

Health: -4/27      AC:  3    Str:  7    XL:     5   Next: 79%
Magic:  6/6        EV: 18    Int: 12    God:
Gold:   67         SH:  0    Dex: 19    Spells: 4/4 levels left

rFire   + . .      SeeInvis +   a - +2 dagger
rCold   + . .      Faith    .   (no shield)
rNeg    . . .      Spirit   .   b - +0 robe
rPois   +          Reflect  .   (helmet restricted)
rElec   +          Harm     .   c - +0 cloak
rCorr   +          Rampage  .   (gloves unavailable)
Will    .....                   (boots unavailable)
Stlth   ++++......              q - amulet of the acrobat
HPRegen 0.09/turn               (no ring)
MPRegen 0.10/turn               (no ring)

@: brilliant, resistant, very quick
A: very small, no large weapons, unfitting armour, see invisible, speed 3
a: no special abilities


You were on level 3 of the Dungeon.
You visited 1 branch of the dungeon, and saw 3 of its levels.

You collected 67 gold pieces.

Inventory:

Hand Weapons
 a - a +2 dagger (weapon)
 s - a +1 falchion of electrocution
Missiles
 d - an atropa-tipped dart (quivered)
 m - 67 stones
 t - a curare-tipped dart
Armour
 b - a +0 robe (worn)
 c - a +0 cloak (worn)
Jewellery
 q - an amulet of the acrobat (around neck)
Wands
 r - a wand of flame (19)
Scrolls
 j - a scroll of noise {unknown}
 k - a scroll of summoning {unknown}
 l - a scroll of vulnerability {unknown}
 o - a scroll of teleportation {unknown}
 u - 3 scrolls of magic mapping {unknown}
Potions
 g - a potion of brilliance
 i - a potion of lignification {unknown}
 n - 2 potions of curing
 p - 2 potions of flight {unknown}


   Skills:
 * Level 2.3 Fighting
 + Level 3.2 Short Blades
 + Level 2.8 Throwing
 * Level 3.1 Dodging
 * Level 8.4 Stealth


You had 4 spell levels left.
You didn't know any spells.
Your spell library was empty.

Dungeon Overview and Level Annotations

Branches:
Dungeon (3/15)

Altars:
Vehumet


Innate Abilities, Weirdness & Mutations

You are very small and have problems with some larger weapons.
You are too small for most types of armour.
You have supernaturally acute eyesight. (SInv)
You cover ground extremely quickly. (Speed+++)


Message History

The orc priest is severely wounded.
The orc priest mumbles some strange prayers to Beogh against you.
Pain shoots through your body!
You barely miss the orc priest.
The orc priest is severely wounded.
You hit the orc priest.
The orc priest is severely wounded.
The orc priest completely misses you.
You hit the orc priest.
The orc priest is almost dead.
The orc priest calls down the wrath of Beogh upon you.
Pain shoots through your body!
Throw: 3 darts (atropa)
Press: ? - help, Q - select action, (/) - cycle Shift-Dir - straight line, f - orc priest
Aim: an orc priest, wielding a +0 flail and wearing a +0 leather armour (almost dead, 63% to hit, chance to blind on hit: 91%)
You throw an atropa-tipped dart.
The atropa-tipped dart barely misses the orc priest.
The orc priest closely misses you.
Throw: 2 darts (atropa)
Press: ? - help, Q - select action, (/) - cycle Shift-Dir - straight line, f/p - orc priest
Aim: an orc priest, wielding a +0 flail and wearing a +0 leather armour (almost dead, 63% to hit, chance to blind on hit: 91%)
You throw an atropa-tipped dart.
The atropa-tipped dart barely misses the orc priest.
The orc priest invokes the aid of Beogh against you.
Pain shoots through your body!
* * * LOW HITPOINT WARNING * * *
You barely miss the orc priest.
The orc priest is almost dead.
The orc priest hits you with a +0 flail.
* * * LOW HITPOINT WARNING * * *
You closely miss the orc priest.
The orc priest is almost dead.
You hit the orc priest.
The orc priest is almost dead.
The orc priest hits you with a +0 flail.
* * * LOW HITPOINT WARNING * * *
You hit the orc priest but do no damage.
The orc priest is almost dead.
The orc priest hits you with a +0 flail!
You die...

##### #...# ###########
#...########.@o((.).(#
#.........#..#######'#######
####.........#..#≈≈≈≈≈≈.≈≈≈≈≈≈#
...............>#≈.....o.....≈#
####...>.....#..#≈..(.o.)....≈#
#.........####≈..≈o....≈..≈#
###.......# #≈.@.(###....≈#
#†......# #≈..o# ##...≈#
#.####### #≈... ...≈#


You could see an orc priest.

Vanquished Creatures
  Jessica (D:3)
  Terence (D:3)
  Robin (D:3)
  2 adders
  7 gnolls (D:3)
  A worm (D:3)
  A dart slug (D:2)
  3 orcs (D:3)
  4 ball pythons
  2 endoplasms
  3 giant cockroaches
  12 hobgoblins
  6 jackals
  2 quokkas
  4 bats
  4 frilled lizards
  12 goblins
  13 kobolds
  8 rats
87 creatures vanquished.

Notes
Turn   | Place    | Note
-------+----------+-------------------------------------------
     0 | D:1      | styxcanada the Spriggan Brigand began the quest for the
                  | Orb.
     0 | D:1      | Reached XP level 1. HP: 10/10 MP: 2/2
    32 | D:1      | Reached skill level 6 in Stealth
    80 | D:1      | Reached XP level 2. HP: 12/15 MP: 3/3
  1523 | D:2      | Reached skill level 7 in Stealth
  1537 | D:2      | Reached XP level 3. HP: 18/18 MP: 4/4
  2194 | D:3      | Noticed Robin
  2194 | D:3      | Noticed Terence
  2212 | D:3      | Killed Terence
  2213 | D:3      | Reached XP level 4. HP: 23/23 MP: 5/5
  2834 | D:3      | Reached skill level 8 in Stealth
  3158 | D:3      | Found a radiant altar of Vehumet.
  3209 | D:3      | Killed Robin
  3210 | D:3      | Reached XP level 5. HP: 26/26 MP: 6/6
  3979 | D:3      | Noticed Jessica
  4003 | D:3      | Killed Jessica
  4017 | D:3      | HP: 1/27 [orc priest/nerve-wracking pain (4)]
  4040 | D:3      | Slain by an orc priest

Illustrated notes

Levels and vault maps discovered:
D:1:      saegor_arrival_under_anarchy, layout_loops_cross, st_stairs_4,
          corexii_hall_statues_u, kennysheep_decorative_pillar,
          roderic_lattice_a
D:2:      layout_rooms
D:3:      layout_basic, mainiacjoe_overflow_chevrons, minmay_door_square,
          st_stairs_8, kennysheep_path_1, uniq_robin, uniq_jessica, uniq_terence

Skill      XL: |  1  2  3  4  5 |
---------------+----------------+-----
Stealth        | 6 7 8 |  8.4
Dodging        | 2 3 |  3.1
Fighting       | 2 |  2.3
Short Blades   | 3 |  3.2
Throwing       | |  2.8

Action                   |  1- 3 |  4- 6 || total
-------------------------+-------+-------++-------
Melee: Dagger            |   111 |   178 ||   289
       Punch             |     1 |       ||     1
Throw: Dart              |    19 |    50 ||    69
       Stone             |       |     2 ||     2
  Use: Potion            |       |     4 ||     4
 Stab: Sleeping          |    11 |     3 ||    14
       Distracted        |       |     1 ||     1
Armor: Robe              |    13 |    18 ||    31
Dodge: Dodged            |    63 |   123 ||   186
